 Dungeon Crawl Stone Soup version 0.28-a0-899-gf2b78a14d2 (webtiles) character file.

Game seed: 16024122193204322164

94 Origin the Covered (level 4, 0/35 HPs)
             Began as a Human Fighter on Nov 23, 2021.
             Succumbed to an adder's poison
             ... on level 1 of the Dungeon.
             The game lasted 00:16:19 (2158 turns).

Origin the Covered (Human Fighter)                  Turns: 2158, Time: 00:16:19

Health: 0/35       AC:  8    Str: 17    XL:     4   Next: 94%
Magic:  4/4        EV:  9    Int:  8    God:
Gold:   49         SH:  5    Dex: 13    Spells: 3/3 levels left

rFire   . . .      SeeInvis .   a - +0 long sword
rCold   . . .      Faith    .   c - +0 buckler
rNeg    . . .      Spirit   .   b - +0 scale mail
rPois   .          Reflect  .   k - +0 helmet
rElec   .          Harm     .   (no cloak)
rCorr   .          Rampage  .   (no gloves)
Will    .....                   (no boots)
Stlth   ..........              (no amulet)
HPRegen 0.11/turn               (no ring)
MPRegen 0.09/turn               (no ring)

@: lethally poisoned (0 -> -4)
A: no striking features
a: no special abilities


You were on level 1 of the Dungeon.
You visited 1 branch of the dungeon, and saw 3 of its levels.

You collected 49 gold pieces.

Inventory:

Hand Weapons
 a - a +0 long sword (weapon)
 l - a +0 trident
Missiles
 f - 4 silver javelins (quivered)
 g - 28 bolts
Armour
 b - a +0 scale mail (worn)
 c - a +0 buckler (worn)
 h - a +0 ring mail
 k - a +0 helmet (worn)
 m - a +0 ring mail
 q - a +0 ring mail
Scrolls
 e - 3 scrolls of amnesia {unknown}
 i - 2 scrolls of enchant weapon {unknown}
 j - a scroll of fog {unknown}
 n - 3 scrolls of magic mapping {unknown}
 o - 2 scrolls of identify {unknown}
 p - a scroll of immolation {unknown}
Potions
 d - a potion of might
 r - a potion of lignification {unknown}


   Skills:
 + Level 3.3 Fighting
 + Level 2.7 Long Blades
 * Level 4.1 Armour
 + Level 0.6 Dodging
 + Level 3.4 Shields


You had 3 spell levels left.
You didn't know any spells.
Your spell library contained the following spells:

 Spells                   Type           Power      Damage    Failure   Level
 Passwall                 Tmut/Erth      0%         N/A       92%         2
 Ignite Poison            Fire/Tmut/Pois 0%         N/A       99%         3
 Mephitic Cloud           Conj/Pois/Air  0%         N/A       99%         3
 Swiftness                Air            0%         N/A       99%         3
 Freezing Cloud           Conj/Ice/Air   0%         6-21      100%        5


Dungeon Overview and Level Annotations

Branches:
Dungeon (3/15)

Altars:

Annotations:
D:2 Robin


Message History

You feel sick.
You feel sick. The adder bites you but does no damage.
You feel sick.
You are no longer poisoned.
The goblin unwields a +0 dagger.
The goblin wields a +0 hunting sling.
The goblin shoots a stone.
The stone barely misses you. The adder bites you but does no damage.
The goblin shoots a stone.
The stone hits you but does no damage. You block the adder's attack.
The adder bites you but does no damage. x2
The adder bites you.
* * * LOW HITPOINT WARNING * * *
You block the adder's attack.
The goblin shoots a stone.
The stone hits you but does no damage.
The goblin shoots a stone.
The stone barely misses you. The adder bites you but does no damage.
There is a stone staircase leading up here.
The adder bites you but does no damage.
You climb upwards.
There is a stone staircase leading down here.
You closely miss the adder. The adder bites you.
* * * LOW HITPOINT WARNING * * *
You block the adder's attack.
You miss the adder. The adder bites you but does no damage.
The adder bites you.
* * * LOW HITPOINT WARNING * * *
You are lethally poisoned!
The adder poisons you!
You slash the adder!
The adder is almost dead.
* * * LOW HITPOINT WARNING * * *
You feel very sick. You block the adder's attack.
Your shield and scale mail prevent you from hitting the adder.
The adder is almost dead.
* * * LOW HITPOINT WARNING * * *
You feel sick. The adder barely misses you. You block the adder's attack.
You barely miss the adder.
The adder is almost dead.
You die...

.≈.............#.......######....
≈≈.....................# #....
≈......................# #....
≈≈.###.................# ###...
### ####........####### #≈#...
###......# ### ###≈#...
#(.....### #≈###≈≈≈#...
#......S.###≈#≈#≈≈##...
##....@...#≈≈≈≈#≈#≈#...
######.......##≈≈≈≈#≈#≈# ..
#............##≈###≈≈#≈# #.
#.........#####≈# #≈##≈# .
#.........# ##≈≈# #≈##≈####
#.........# #≈≈≈# #≈##≈#...
#.........# #≈≈≈###≈##≈#...
#.........# #≈#≈≈####≈≈#...
#.........###≈#≈≈## #≈≈#...


You could see an adder.

Vanquished Creatures
  Terence (D:2)
  2 adders (D:2)
  2 adder zombies (D:2)
  A dart slug (D:1)
  7 ball pythons
  3 bats
  A bat skeleton (D:2)
  3 endoplasms (D:1)
  A giant cockroach (D:2)
  5 goblins
  4 hobgoblins
  3 quokkas
  A ball python skeleton (D:2)
  A ball python zombie (D:2)
  2 frilled lizards
  3 kobolds
  2 rats
42 creatures vanquished.

Vanquished Creatures (others)
  6 withered plants (D:2)
6 creatures vanquished.

Grand Total: 48 creatures vanquished

Notes
Turn   | Place    | Note
-------+----------+-------------------------------------------
     0 | D:1      | Origin the Human Fighter began the quest for the Orb.
     0 | D:1      | Reached XP level 1. HP: 18/18 MP: 1/1
   514 | D:1      | Reached XP level 2. HP: 24/24 MP: 2/2
   828 | D:1      | Reached XP level 3. HP: 27/29 MP: 3/3
  1334 | D:2      | Noticed Terence
  1353 | D:2      | Killed Terence
  1354 | D:2      | Reached XP level 4. HP: 21/35 MP: 4/4
  1415 | D:2      | Reached skill level 4 in Armour
  2059 | D:2      | Noticed Robin
  2156 | D:1      | HP: 1/35 [poisoned by an adder]
  2158 | D:1      | Succumbed to an adder's poison

Illustrated notes

Levels and vault maps discovered:
D:1:      nicolae_arrival_washed_ashore, layout_basic, minmay_misc_feat_doors,
          chequers_serial_rivers_large_b, minmay_misc_feat_nine_boxes
D:2:      layout_rooms, hellmonk_ecumenical_altar_inner_sanctum, serial_undead,
          serial_undead_a, serial_undead_a, serial_undead_b, serial_undead_c,
          serial_undead_b, serial_undead_c, serial_undead_e,
          palyth_stone_intersect, minmay_quadrilaterals, uniq_terence,
          uniq_robin
D:3:      layout_basic, serial_corexii_hall, corexii_hall_statues_x,
          corexii_hall_statues_t, chequers_hall_statues_y

Skill      XL: |  1  2  3  4 |
---------------+-------------+-----
Armour         | 4 |  4.1
Fighting       | |  3.3
Long Blades    | |  2.7
Dodging        | |  0.6
Shields        | |  3.4

Action                   |  1- 3 |  4- 6 || total
-------------------------+-------+-------++-------
Melee: Long sword        |   120 |    71 ||   191
Armor: Scale mail        |    72 |    54 ||   126
Dodge: Dodged            |    77 |    40 ||   117
Block: Buckler           |    31 |    23 ||    54

Table legend: (Time is in decaauts)
 A = Elapsed time spent in this place.
 B = Non-inter-level travel time spent in this place.
 C = Inter-level travel time spent in this place.
 D = Time resting spent in this place.
 E = Time spent auto-exploring this place.
 F = Levels seen in this place.
 G = Mean time per level.
                   A        B        C        D        E       F      G
               +--------+--------+--------+--------+--------+-----+--------+
         Total |   2245 |   2244 |      1 |    769 |      0 |   3 |  748.3 |
       Dungeon |   2245 |   2244 |      1 |    769 |      0 |   3 |  748.3 |
               +--------+--------+--------+--------+--------+-----+--------+

Top non-repeatable levels by time:
     D:1: 1303 daAuts
     D:2: 940 daAuts
     D:3: 1 daAuts
